 Dungeon Crawl Stone Soup version 0.28-a0-1629-gf728b707aa (webtiles) character file.

Game seed: 4157935373131371024

126 skittles the Conjurer (level 4, 0/43 HPs)
             Began as a Draconian Conjurer on Jan 24, 2022.
             Slain by a shadow imp (2 damage)
             ... summoned by Eustachio
             ... on level 4 of the Dungeon.
             The game lasted 00:09:02 (3465 turns).

skittles the Conjurer (Draconian Conjurer)          Turns: 3465, Time: 00:09:03

Health: 0/43       AC: 22    Str: 11      XL:     4   Next: 84%
Magic:  1/7        EV:  2    Int: 20      God:
Gold:   100        SH:  0    Dex:  9 (10) Spells: 2/8 levels left

rFire   . . .      SeeInvis .   k - +1 long sword
rCold   . . .      Faith    .   d - orb {guile}
rNeg    . . .      Spirit   .   (armour unavailable)
rPois   +          Reflect  .   (helmet currently unavailable)
rElec   .          Harm     .   (cloak currently unavailable)
rCorr   .          Rampage  .   (gloves currently unavailable)
Will    .....      NoTele   +   (boots currently unavailable)
Stlth   ++........              (no amulet)
HPRegen 0.14/turn               (no ring)
MPRegen 0.10/turn               (no ring)

@: brilliant, tree-form
A: stationary, stasis, torment immunity, boosted hp, AC +5, unfitting armour,
(cold-blooded), deterioration 1, frail 1, (poison resistance), strong 1
a: no special abilities


You were on level 4 of the Dungeon.
You were a tree.
You visited 1 branch of the dungeon, and saw 4 of its levels.

You collected 100 gold pieces.

Inventory:

Hand Weapons
 a - a +0 club
 c - a +0 spear
 h - a +0 dagger
 k - a +1 long sword (weapon)
Missiles
 f - 2 javelins (quivered)
 l - 3 poisoned darts
 r - 4 boomerangs
Armour
 d - an orb of guile (worn)
Jewellery
 e - a +4 ring of slaying
Scrolls
 j - 3 scrolls of identify


   Skills:
 * Level 1.6 Long Blades
 - Level 1.7 Dodging
 - Level 1.7 Stealth
 + Level 2.5 Spellcasting
 * Level 5.6 Conjurations


You had 2 spell levels left.
You knew the following spells:

 Your Spells              Type           Power      Damage    Failure   Level
a - Magic Dart            Conj           100%       1d8       1%          1
b - Searing Ray           Conj           74%        2d7       2%          2
c - Dazzling Flash        Conj/Hex       40%        N/A       14%         3

Your spell library contained the following spells:

 Spells                   Type           Power      Damage    Failure   Level
 Fulminant Prism          Conj/Hex       10%        3d9       43%         4
 Iskenderun's Mystic Bla  Conj/Tloc      20%        2d6       43%         4


Dungeon Overview and Level Annotations

Branches:
Dungeon (4/15)
 Temple: D:4-7

Altars:

Annotations:
D:4 Eustachio


Innate Abilities, Weirdness & Mutations

You are a tree.
Your roots penetrate the ground, keeping you stationary.
You cannot be teleported.
You are immune to unholy pain and torment.
Your maximum health is greatly increased.
Your equipment is partially melded.
((Your plain brown scales are hard. (AC +5)))
You cannot fit into any form of body armour.
((You are cold-blooded and may be slowed by cold attacks.))
Your body sometimes deteriorates upon taking damage.
You are frail. (-10% HP)
((Your system is resistant to poisons. (rPois)))
Your muscles are strong. (Str +2)


Message History

Your ball python closely misses Eustachio.
Your ball python barely misses Eustachio.
The shadow imp grins evilly.
The quasit barely misses you.
The quasit claws you but does no damage.
The quasit claws you.
* * * LOW HITPOINT WARNING * * *
You feel clumsy.
Unknown command.
Casting: Magic Dart (safe; 1% risk of failure)
Confirm with . or Enter, or press ? or * to list all spells.
Aiming: Magic Dart (safe; 1% risk of failure)
Press: ? - help, Shift-Dir - straight line, f/p - Eustachio
Aim: Eustachio, wielding a +0 falchion and wearing a +1 leather armour of poison resistance (heavily wounded, ally target, 100% to hit)
You feel a surge of power!
The magic dart hits the shadow imp but does no damage.
The shadow imp disappears in a puff of smoke!
Your ball python closely misses Eustachio.
Your ball python grabs Eustachio.
Your ball python constricts Eustachio.
The quasit bites you but does no damage.
The quasit claws you but does no damage. x2
Eustachio hits your ball python with a +0 falchion!
Your ball python dies!
Your ball python's corpse dissolves into shadows!
The crimson imp shouts, "Run away, thou foppish pigeon-egg pimple!"
The shadow imp hits you.
* * * LOW HITPOINT WARNING * * *
Throw: 3 javelins
Press: ? - help, Q - select action, (/) - cycle Shift-Dir - straight line, f/p - Eustachio
Aim: Eustachio, wielding a +0 falchion and wearing a +1 leather armour of poison resistance (severely wounded, 38% to hit)
You throw a javelin.
The javelin barely misses the shadow imp.
The javelin misses the crimson imp.
The javelin closely misses Eustachio.
The quasit bites you but does no damage.
The quasit claws you but does no damage. x2
The crimson imp blinks!
The quasit bites you.
* * * LOW HITPOINT WARNING * * *
The quasit claws you but does no damage. x2
The shadow imp hits you.
You die...

#.# #......... #
#.#### #####.####
....###.)..# #<# #
...........# #.# #
....####.### #.# # ##
#.# ..# # #.# ### ##
#(###### ##. #§5♣5§@#
#.. ######.# #..# ##.
#.# #..# #. #.# #..#
#. #.# #..#### #. #.#
#.....# #. #.#
#.....###.
#######.####.......#.
.....................


You could see Eustachio, a quasit (summoned) and a shadow imp (summoned).

Vanquished Creatures
  A hound (D:3)
  A killer bee zombie (D:4)
  A hound skeleton (D:4)
  2 adders (D:2)
  A dart slug (D:1)
  2 orcs
  2 endoplasms (D:1)
  3 goblins
  6 hobgoblins
  2 jackals (D:1)
  A kobold (D:1)
  2 quokkas (D:3)
  6 ball pythons
  6 bats
  2 frilled lizards
  4 rats
42 creatures vanquished.

Vanquished Creatures (others)
  5 plants (D:1)
5 creatures vanquished.

Grand Total: 47 creatures vanquished

Notes
Turn   | Place    | Note
-------+----------+-------------------------------------------
     0 | D:1      | skittles the Draconian Conjurer began the quest for the
                  | Orb.
     0 | D:1      | Reached XP level 1. HP: 14/14 MP: 3/3
   186 | D:1      | Reached XP level 2. HP: 12/20 MP: 1/5
   309 | D:1      | Learned a level 2 spell: Searing Ray
   937 | D:1      | Found a faded altar of an unknown god.
  1474 | D:2      | Reached XP level 3. HP: 26/26 MP: 2/6
  1534 | D:2      | Reached skill level 5 in Conjurations
  2112 | D:2      | Learned a level 3 spell: Dazzling Flash
  2381 | D:3      | Reached XP level 4. HP: 16/33 MP: 1/7
  2536 | D:3      | Reached skill level 1 in Long Blades
  3422 | D:4      | Noticed Eustachio
  3444 | D:4      | Gained mutation: Your body sometimes deteriorates upon
                  | taking damage. [potion of mutation]
  3444 | D:4      | Gained mutation: Your system is resistant to poisons.
                  | (rPois) [potion of mutation]
  3444 | D:4      | Gained mutation: You are frail. (-10% HP) [potion of
                  | mutation]
  3444 | D:4      | Gained mutation: Your muscles are strong. (Str +2) [potion
                  | of mutation]
  3465 | D:4      | HP: 2/43 [quasit[Eustachio] (2)]
  3465 | D:4      | Slain by a shadow imp

Illustrated notes

Levels and vault maps discovered:
D:1:      ncdulo_wetmaze, layout_basic, serial_forest,
          infiniplex_forest_straight_2, infiniplex_forest_lined_corner,
          infiniplex_forest_straight_1, infiniplex_forest_clump_cross,
          infiniplex_forest_end_1, ebering_ecumenical_altar_petrified
D:2:      layout_loops_ring
D:3:      layout_loops_ring, chequers_serial_rivers_micro_e
D:4:      layout_loops_ring, vehumet_altar_wand_db,
          lemuel_mausoleum_altar_kikubaaqudgha, ashenzari_altar_1, uniq_grinder,
          uniq_eustachio, uniq_edmund, uniq_menkaure

Skill      XL: |  1  2  3  4 |
---------------+-------------+-----
Conjurations   | 5 |  5.6
Long Blades    | 1 |  1.6
Dodging        | |  1.7
Stealth        | |  1.7
Spellcasting   | |  2.5

Action                   |  1- 3 |  4- 6 || total
-------------------------+-------+-------++-------
Melee: Club              |    29 |       ||    29
       Unarmed           |     3 |       ||     3
       Tailslap          |     4 |     3 ||     7
       Long sword        |     6 |    19 ||    25
Throw: Javelin           |       |    10 ||    10
 Cast: Magic Dart        |    64 |    14 ||    78
       Searing Ray       |     1 |     4 ||     5
  Use: Scroll            |     3 |     4 ||     7
       Potion            |     1 |     5 ||     6
Armor: Skin              |    17 |    22 ||    39
Dodge: Dodged            |    38 |    19 ||    57

Table legend: (Time is in decaauts)
 A = Elapsed time spent in this place.
 B = Non-inter-level travel time spent in this place.
 C = Inter-level travel time spent in this place.
 D = Time resting spent in this place.
 E = Time spent auto-exploring this place.
 F = Levels seen in this place.
 G = Mean time per level.
                   A        B        C        D        E       F      G
               +--------+--------+--------+--------+--------+-----+--------+
         Total |   3495 |   3444 |     51 |    695 |   2314 |   4 |  873.8 |
       Dungeon |   3495 |   3444 |     51 |    695 |   2314 |   4 |  873.8 |
               +--------+--------+--------+--------+--------+-----+--------+

Top non-repeatable levels by time:
     D:1: 1479 daAuts
     D:3: 1017 daAuts
     D:2: 767 daAuts
     D:4: 231 daAuts
